Map: Year Zero LE

Players

John

  • Race: Terran Terran
  • League: Silver
  • Spawn Location: 1:00

TiPtOP - Winner!

  • Race: Terran Terran
  • League: Silver
  • Spawn Location: 11:00

VOD

Have the link to the VOD?

Description

Time

  • Played on: May 14, 2019, 3:51 a.m.
  • Length: 21:08
Show
View Real Time Build Order
Export as new Build Order

John Terran 

Build Orders: Command Center First (CC) 

Get SALT Encoding   

  12  0:02  SCV  
  13  0:14  SCV  
  14  0:26  SCV  
  14  0:28  Refinery  
  15  0:37  Supply Depot  
  15  1:11  Command Center  
  15  1:19  Supply Depot  
  15  1:22  SCV  
  16  1:33  Supply Depot  
  16  1:36  SCV  
  17  1:49  Refinery  
  17  2:09  Barracks  
  17  2:11  SCV  
  18  2:23  SCV  
  18  2:27  Barracks  
  19  2:35  SCV  
  20  2:45  Engineering Bay  
  20  2:48  SCV  
  21  2:59  SCV  
  21  3:00  SCV  
  23  3:05  Barracks Tech Lab  
  23  3:11  SCV  
  24  3:13  SCV  
  24  3:17  Barracks Reactor  
  25  3:23  SCV  
  25  3:26  Factory  
  26  3:29  Combat Shield  
  26  3:38  Engineering Bay  
  26  3:54  Marine  
  26  3:55  Marine  
  28  4:01  Orbital Command  
  28  4:05  SCV  
  29  4:11  Factory Tech Lab  
  29  4:12  Marine x2  
  29  4:16  Terran Infantry Weapons Level 1  
  31  4:17  SCV  
  31  4:19  Terran Infantry Armor Level 1  
  32  4:25  Missile Turret  
  32  4:29  SCV  
  33  4:43  Marine x2  
  35  4:49  Siege Tank, Missile Turret  
  38  4:58  Armory  
  38  5:10  Missile Turret  
  38  5:20  Missile Turret  
  38  5:31  Marine x2  
  38  5:32  Missile Turret  
  40  5:48  Marine  
  40  5:49  Marine  
  42  5:54  Missile Turret  
  42  6:06  Marine x2  
  44  6:11  Starport  
  44  6:17  Missile Turret  
  44  6:18  Terran Infantry Weapons Level 2  
  44  6:27  SCV  
  45  6:33  Refinery  
  45  6:37  Missile Turret  
  45  6:38  Refinery  
  45  6:39  SCV  
  46  6:51  Starport Reactor, SCV  
  47  6:55  Starport  
  47  7:03  SCV  
  47  7:07  Supply Depot  
  48  7:29  SCV  
  49  7:36  Starport Tech Lab  
  49  7:41  SCV, Starport  
  49  7:43  Viking x2  
  54  7:53  SCV  
  54  7:55  Fusion Core  
  55  8:02  Siege Tank  
  58  8:05  SCV  
  58  8:11  Supply Depot  
  59  8:27  Starport Tech Lab  
  59  8:40  Starport  
  59  8:49  Viking  
  59  8:50  Viking  
  63  9:02  SCV  
  64  9:14  SCV  
  65  9:19  Viking x2  
  69  9:25  Command Center  
  69  9:26  SCV  
  70  9:38  Starport Tech Lab  
  70  9:47  Missile Turret  
  70  9:48  Missile Turret  
  70  9:55  Hi-Sec Auto Tracking  
  70  10:06  Supply Depot  
  70  10:28  Battlecruiser, Supply Depot  
  76  10:36  Battlecruiser x2  
  88  10:51  Supply Depot  
  88  11:14  Supply Depot  
  88  11:22  Siege Tank  
  91  11:37  Missile Turret  
  91  11:50  Viking x2  
  95  12:20  Viking x2  
  99  12:24  Missile Turret  
  99  12:45  Missile Turret  
  99  12:46  Battlecruiser  
  99  12:48  Battlecruiser  
  99  12:49  Viking  
  99  12:50  Viking  
  115  13:01  Supply Depot  
  115  13:05  Missile Turret  
  115  13:23  Battlecruiser  
  115  13:25  Supply Depot  
  115  13:26  Missile Turret  
  121  13:30  SCV  
  122  13:39  Viking  
  124  13:42  SCV  
  124  13:44  Terran Ship Weapons Level 1  
  124  13:46  Viking  
  124  13:47  Supply Depot  
  127  13:53  Battlecruiser  
  133  14:09  SCV  
  134  14:11  Missile Turret  
  134  14:21  SCV  
  135  14:27  Battlecruiser  
  141  14:32  Missile Turret  
  141  14:35  Weapon Refit  
  141  14:45  Supply Depot  
  141  14:51  Missile Turret  
  141  15:06  Battlecruiser, SCV  
  148  15:11  Refinery  
  148  15:12  Missile Turret  
  148  15:16  Refinery  
  148  15:18  SCV  
  149  15:57  Missile Turret  
  149  16:02  SCV  
  144  16:04  Battlecruiser  
  62  17:57  Viking x2  
  58  18:12  SCV  
  59  18:20  Battlecruiser  
  59  18:21  Battlecruiser  
  59  18:24  SCV  
  72  18:27  Viking x2  
  76  18:36  SCV  
  77  18:51  Missile Turret  
  77  18:55  SCV  
  78  18:57  Viking x2  
  82  19:11  Missile Turret  
  68  19:27  Viking x2  
  56  19:50  Orbital Command  
Show
View Real Time Build Order
Export as new Build Order

TiPtOP Terran - Winner!

Build Orders:  

Get SALT Encoding   

  12  0:00  SCV  
  13  0:13  SCV  
  14  0:19  Supply Depot  
  14  0:25  SCV  
  15  0:40  SCV  
  16  0:45  Barracks  
  16  0:52  Refinery, SCV  
  17  1:04  SCV  
  18  1:16  SCV  
  19  1:29  SCV  
  20  1:41  SCV  
  20  1:42  Command Center  
  21  1:49  Supply Depot  
  21  1:51  Barracks Reactor  
  21  2:01  Orbital Command  
  21  2:25  Supply Depot  
  21  2:30  Marine x2  
  21  2:33  Barracks  
  23  2:42  Barracks  
  23  2:44  SCV  
  24  2:54  Orbital Command  
  24  3:02  SCV  
  25  3:11  Marine x2  
  27  3:18  SCV  
  28  3:21  SCV  
  29  3:29  Marine x2  
  29  3:30  SCV, Barracks Tech Lab  
  29  3:33  SCV  
  33  3:36  Refinery  
  33  3:42  Barracks Reactor  
  33  3:48  Marine x2  
  33  3:50  Marine  
  33  3:54  Stimpack  
  36  4:00  SCV x2  
  38  4:12  SCV, Marine  
  38  4:13  Marine  
  41  4:22  Supply Depot  
  41  4:23  Marine  
  41  4:24  Marine x2  
  43  4:28  SCV x2  
  46  4:41  Marine x2  
  48  4:45  Supply Depot  
  48  4:59  Engineering Bay  
  48  5:00  Marine x3  
  51  5:09  Factory, Supply Depot  
  51  5:12  Marine x2  
  53  5:18  Marine x2  
  53  5:20  Marine  
  56  5:30  Marine x2  
  56  5:35  Supply Depot  
  58  5:40  Marine x3  
  61  5:44  Terran Infantry Weapons Level 1  
  61  5:48  SCV, Marine  
  61  5:49  SCV  
  64  5:57  Combat Shield  
  64  5:58  Supply Depot  
  64  5:59  Marine x4  
  64  6:00  SCV  
  64  6:01  SCV  
  70  6:06  Marine, Factory Reactor  
  70  6:07  Starport  
  71  6:17  Marine x4  
  75  6:20  Supply Depot  
  75  6:21  Supply Depot  
  75  6:23  Marine  
  76  6:32  SCV  
  77  6:34  Marine  
  77  6:35  Marine  
  79  6:44  SCV, Supply Depot x2  
  80  6:50  Factory Tech Lab  
  80  6:55  Medivac x2  
  80  6:58  Starport  
  80  6:59  Marine x4  
  80  7:00  Marine  
  89  7:08  Missile Turret  
  89  7:09  Supply Depot  
  89  7:14  Siege Tank  
  92  7:17  Marine x3  
  92  7:22  Bunker  
  95  7:31  Missile Turret  
  95  7:36  Starport Tech Lab  
  95  7:41  Fusion Core  
  95  7:42  SCV  
  96  7:47  Siege Tank  
  99  7:54  Missile Turret  
  99  7:55  Bunker, SCV  
  99  7:57  Medivac x2  
  104  7:59  Command Center  
  104  8:35  Armory  
  104  8:42  SCV  
  104  8:43  SCV  
  104  8:46  Refinery  
  104  8:48  Refinery  
  106  8:50  Supply Depot  
  106  8:55  SCV  
  107  9:07  SCV  
  108  9:13  Supply Depot  
  108  9:19  SCV  
  109  9:26  Missile Turret  
  109  9:31  SCV  
  108  9:50  Battlecruiser  
  112  9:54  Terran Vehicle And Ship Armor Level 1  
  112  9:57  Armory  
  112  10:07  Viking x2  
  116  10:17  Siege Tank  
  119  10:55  Battlecruiser  
  119  10:56  Viking x2  
  129  11:26  Viking x2  
  129  11:30  Supply Depot  
  133  11:47  Starport  
  133  11:50  Starport  
  133  11:51  Terran Vehicle And Ship Armor Level 2, Starport  
  133  12:17  Hi-Sec Auto Tracking  
  133  12:28  Refinery  
  133  12:29  SCV  
  134  12:30  Refinery, SCV x2  
  135  12:41  SCV  
  135  12:42  SCV  
  137  12:57  Starport Tech Lab  
  137  13:00  Starport Tech Lab  
  137  13:02  Battlecruiser  
  137  13:04  Viking x2  
  147  13:16  Terran Ship Weapons Level 1  
  153  13:23  Battlecruiser  
  153  13:46  Planetary Fortress  
  153  14:06  Missile Turret  
  153  14:08  Missile Turret  
  153  14:14  Battlecruiser  
  159  14:31  Missile Turret  
  159  14:33  Missile Turret  
  159  15:14  SCV  
  160  15:24  Battlecruiser x2  
  160  15:26  SCV  
  173  16:08  Terran Vehicle And Ship Armor Level 3  
  173  16:10  Terran Ship Weapons Level 2  
  173  16:33  SCV  
  155  17:07  SCV  
  138  17:08  Viking  
  138  17:09  Viking  
  142  17:16  Viking  
  140  17:29  Battlecruiser  
  138  17:32  Battlecruiser  
  139  17:38  Viking  
  139  17:39  Viking  
  139  17:40  Battlecruiser  
  139  17:56  Viking  
  111  18:06  Supply Depot  
  111  18:08  Viking  
  111  18:09  Viking  
  115  18:29  Supply Depot  
  115  18:30  Missile Turret  
  115  18:31  Missile Turret  
  115  18:33  Missile Turret  
  115  18:34  Battlecruiser  
  121  18:36  Battlecruiser  
  121  18:38  Weapon Refit  
  127  18:46  Battlecruiser  
  133  18:51  Missile Turret x2  
  133  18:53  Missile Turret  
  131  19:38  Battlecruiser  
Tags
 
Add a new tag
Caveats
  • Supply blocks, unpowered buildings, or Contaminate may cause inaccurate times.
  • Supply counts are checked every 10 seconds.